 Dungeon Sprint DCSS version 0.19.5 (webtiles) character file.

7534 Mesmaeker13 the Warrior (level 11, -6/116 HPs)
             Began as a Hill Orc Fighter on May 5, 2017.
             Was a High Priest of Trog.
             Mangled by an unseen horror (9 damage)
             ... in the Dungeon (Sprint I: "Red Sonja").
             The game lasted 00:10:00 (2377 turns).

Mesmaeker13 the Warrior (Hill Orc Fighter)          Turns: 2377, Time: 00:10:01

Health: -6/116     AC:  8    Str: 24    XL:     11   Next: 16%
Magic:  11/11      EV: 11    Int:  8    God:    Trog [*****.]
Gold:   301        SH: 20    Dex:  6    Spells: 0 memorised, 10 levels left

rFire  . . .     SeeInvis .     a - +0 flail
rCold  . . .     Gourm    .     c - +1 ring mail of Leaves {rN+ MR+ Regen+ Dex-5}
rNeg   + . .     Faith    .     n - +0 large shield
rPois  .         Spirit   .     (helmet restricted)
rElec  .         Reflect  .     (no cloak)
rCorr  .         Harm     .     (no gloves)
MR     +....     NoTele   +     (no boots)
Stlth  ..........               (no amulet)
                                (no ring)
                                (no ring)

@: exhausted, fainting, slowed, very slow
A: horns 1, mutation resistance 1, strong 1
a: Berserk, Trog's Hand, Brothers in Arms, Burn Spellbooks, Renounce Religion


You were in the Dungeon.
You worshipped Trog.
Trog was extremely pleased with you.
You were fainting.

You visited 1 branch You collected 898 gold pieces.
You spent 597 gold pieces at shops.

Inventory:

Hand Weapons
 a - a +0 flail (weapon)
 o - a +2 great mace of draining
Missiles
 j - 11 poisoned needles
Armour
 c - the +1 ring mail of Leaves (worn) {rN+ MR+ Regen+ Dex-5}
   (You found it in the Dungeon)

   It affects your dexterity (-5).
   It protects you from negative energy.
   It affects your resistance to hostile enchantments.
   It increases your rate of regeneration.
 l - a +2 leather armour of fire resistance
 n - a +0 large shield (worn)
Scrolls
 f - a scroll of fog {unknown}
 k - a scroll of blinking
 m - a scroll of remove curse {unknown}
Potions
 b - a potion of might
 d - a potion of haste
 e - 2 potions of heal wounds
 g - a potion of brilliance {unknown}
 i - 2 potions of magic
 p - a potion of resistance


   Skills:
 + Level 16.6 Fighting
 - Level 14.0 Maces & Flails
 + Level 9.1 Armour
 - Level 7.2 Dodging
 + Level 15.4 Shields


You had 10 spell levels left.
You didn't know any spells.

Dungeon Overview and Level Annotations

Branches:
Dungeon (1/1)

Altars:
Cheibriados
Dithmenos
Elyvilon
Fedhas
Gozag
Hepliaklqana
Kikubaaqudgha
Makhleb
Nemelex Xobeh
Okawaru
Qazlal
Ru
Sif Muna
Trog
Uskayaw
Vehumet
Xom
Yredelemnul
Zin
The Shining One
Jiyva
Lugonu

Shops:
D ![


Innate Abilities, Weirdness & Mutations

You have a pair of small horns on your head.
You are somewhat resistant to further mutation.
Your muscles are strong. (Str +2)


Message History

You hit something but do no damage. Your headbutt misses something.
You block something's attack. Something hits you.
* * * LOW HITPOINT WARNING * * *
Something hits you.
* * * LOW HITPOINT WARNING * * *
You hit something. You headbutt something. Something hits you.
* * * LOW HITPOINT WARNING * * *
You miss something. Something hits you.
* * * LOW HITPOINT WARNING * * *
Something hits you.
* * * LOW HITPOINT WARNING * * *
Something hits you.
* * * LOW HITPOINT WARNING * * *
You sock something! Something hits you!
* * * LOW HITPOINT WARNING * * *
You block something's attack. Something hits you.
* * * LOW HITPOINT WARNING * * *
Something hits you!
You die...

#####'#__####...'§§#§#
##.§.##
#...#.####§.#####..§§#
###+#
#..##.#§§§§.#§.##+####
§# ##'#(.'§≈§§§§.§# ..
.'..._#≈≈§§.#§.# #.#
##_.#(##§#####'### .##
###+#.#)...###.§§#
##.. # ####[###.###{#
+# +.....'[∩##@#
###########§#
.......##§#
...§....§.#
+++######§# #§# +.#
###


There were no monsters in sight!

Vanquished Creatures
  2 centaur warriors (D)
  An unseen horror (D)
  A deep troll (D)
  A lindwurm (D)
  An oklob plant (D)
  2 kobold demonologists (D)
  4 demonic crawlers (D)
  A hornet (D)
  A slime creature (D)
  Sigmund (D)
  2 redbacks (D)
  A yak (D)
  13 hogs (D)
  A floating eye (D)
  An ogre (D)
  A jelly (D)
  Ijyb (D)
35 creatures vanquished.

Vanquished Creatures (others)
  A gargoyle (D)
1 creature vanquished.

Grand Total: 36 creatures vanquished

Notes
Turn   | Place    | Note
-------+----------+-------------------------------------------
     0 | D        | Mesmaeker13 the Hill Orc Fighter began the quest for the Orb.
     0 | D        | Reached XP level 1. HP: 19/19 MP: 1/1
     1 | D        | Noticed Ijyb
    16 | D        | Killed Ijyb
    16 | D        | Reached skill level 5 in Fighting
    16 | D        | Reached XP level 2. HP: 27/29 MP: 2/2
    16 | D        | Reached XP level 3. HP: 34/36 MP: 3/3
   135 | D        | Noticed an ogre
   138 | D        | Killed an ogre
   138 | D        | Reached skill level 6 in Fighting
   138 | D        | Reached skill level 5 in Maces & Flails
   138 | D        | Reached XP level 4. HP: 45/45 MP: 4/4
   279 | D        | Noticed Sigmund
   288 | D        | Killed Sigmund
   288 | D        | Reached skill level 8 in Fighting
   288 | D        | Reached XP level 5. HP: 28/56 MP: 5/5
   288 | D        | Reached XP level 6. HP: 31/62 MP: 6/6
   451 | D        | Found a deep blue altar of Sif Muna.
   453 | D        | Found a radiant altar of Vehumet.
   480 | D        | Found Nifeiro's Distillery.
   480 | D        | Found an ancient bone altar of Kikubaaqudgha.
   480 | D        | Found a hazy altar of Hepliaklqana.
   480 | D        | Found a stormy altar of Qazlal.
   480 | D        | Found a hide-covered altar of Uskayaw.
   480 | D        | Found a blossoming altar of Fedhas.
   480 | D        | Found a bloodstained altar of Trog.
   480 | D        | Found an iron altar of Okawaru.
   480 | D        | Found a basalt altar of Yredelemnul.
   480 | D        | Found a glowing golden altar of the Shining One.
   480 | D        | Found a snail-covered altar of Cheibriados.
   480 | D        | Found a sacrificial altar of Ru.
   480 | D        | Found a glowing silver altar of Zin.
   480 | D        | Found a shadowy altar of Dithmenos.
   480 | D        | Found a white marble altar of Elyvilon.
   480 | D        | Noticed a yak
   490 | D        | Killed a yak
   490 | D        | Reached skill level 9 in Fighting
   490 | D        | Reached skill level 5 in Dodging
   490 | D        | Reached XP level 7. HP: 53/70 MP: 7/7
   491 | D        | Found an opulent altar of Gozag.
   494 | D        | Found a sparkling altar of Nemelex Xobeh.
   501 | D        | Became a worshipper of Trog the Wrathful
   503 | D        | Bought a potion of lignification for 42 gold pieces
   503 | D        | Bought a potion of curing for 42 gold pieces
   503 | D        | Bought a potion of mutation for 35 gold pieces
   503 | D        | Gained mutation: Your muscles are strong. (Str +2) [potion of mutation]
   503 | D        | Gained mutation: You have a pair of small horns on your head. [potion of mutation]
   503 | D        | Gained mutation: You are somewhat resistant to further mutation. [potion of mutation]
   505 | D        | Killed a gargoyle
   571 | D        | Found a burning altar of Makhleb.
   571 | D        | Found a viscous altar of Jiyva.
   571 | D        | Found a shimmering altar of Xom.
   571 | D        | Found a corrupted altar of Lugonu.
   571 | D        | Noticed a slime creature
   579 | D        | Killed a slime creature
   579 | D        | Reached skill level 10 in Fighting
   716 | D        | Noticed a kobold demonologist
   717 | D        | Noticed a kobold demonologist
   728 | D        | Noticed a sixfirhy
   728 | D        | Killed a kobold demonologist
   728 | D        | Reached * piety under Trog
   728 | D        | Reached skill level 11 in Fighting
   728 | D        | Reached skill level 10 in Shields
   728 | D        | Reached XP level 8. HP: 76/82 MP: 8/8
   734 | D        | Killed a kobold demonologist
   734 | D        | Reached ** piety under Trog
   734 | D        | Reached skill level 10 in Maces & Flails
   918 | D        | Noticed a centaur warrior
   918 | D        | Noticed a centaur warrior
   943 | D        | Killed a centaur warrior
   943 | D        | Reached skill level 12 in Fighting
   943 | D        | Reached XP level 9. HP: 82/92 MP: 9/9
   951 | D        | Noticed a hornet
   951 | D        | Noticed an oklob plant
   972 | D        | Killed a hornet
   983 | D        | Reached skill level 13 in Fighting
  1030 | D        | Killed a centaur warrior
  1030 | D        | Reached *** piety under Trog
  1436 | D        | Bought a potion of haste for 140 gold pieces
  1436 | D        | Bought a potion of heal wounds for 70 gold pieces
  1459 | D        | Noticed a deep troll
  1463 | D        | Killed a deep troll
  1463 | D        | Reached skill level 14 in Fighting
  1463 | D        | Reached XP level 10. HP: 96/103 MP: 10/10
  1504 | D        | Found Sysof's Armour Emporium.
  1509 | D        | Bought a +0 large shield for 58 gold pieces
  1635 | D        | Reached **** piety under Trog
  1641 | D        | Reached skill level 15 in Fighting
  1690 | D        | Got a warped ring mail
  1701 | D        | Identified the +1 ring mail of Leaves {rN+ MR+ Regen+ Dex-5} (You found it in the Dungeon)
  1810 | D        | Noticed a lindwurm
  1833 | D        | Killed a lindwurm
  1833 | D        | Reached skill level 5 in Armour
  1961 | D        | Reached ***** piety under Trog
  2001 | D        | Received a gift from Trog
  2017 | D        | Reached skill level 16 in Fighting
  2025 | D        | Reached XP level 11. HP: 84/114 MP: 11/11
  2183 | D        | Bought a potion of heal wounds for 70 gold pieces
  2183 | D        | Bought a potion of resistance for 140 gold pieces
  2207 | D        | Killed an oklob plant
  2207 | D        | Reached skill level 15 in Shields
  2347 | D        | Killed an unseen horror
  2366 | D        | Paralysed by fainting for 6 turns
  2375 | D        | HP: 5/116 [something (8)]
  2377 | D        | Mangled by an unseen horror

Skill      XL: |  1  2  3  4  5  6  7  8  9 10 11 |
---------------+----------------------------------+-----
Fighting       | 5 6 8 9 11 12 14 16 | 16.6
Maces & Flails | 3 5 7 8 9 11 13 14 | 14.0
Armour         | 4 7 9 |  9.1
Shields        | 4 6 7 8 10 11 13 14 15 | 15.4
Dodging        | 2 4 5 6 7 |  7.2

Action                   |  1- 3 |  4- 6 |  7- 9 | 10-12 || total
-------------------------+-------+-------+-------+-------++-------
Melee: Flail             |    16 |    18 |    77 |   141 ||   252
       Headbutt          |       |       |    18 |    41 ||    59
Invok: Berserk           |       |       |     1 |     3 ||     4
       Trog's Hand       |       |       |     1 |       ||     1
  Use: Potion            |     1 |       |     7 |       ||     8
       Scroll            |       |       |     1 |       ||     1
  Eat: Bread ration      |       |       |     1 |       ||     1
       Chunk             |       |       |       |     2 ||     2
Armor: Scale mail        |     6 |       |       |       ||     6
       Leather armour    |       |     2 |     6 |     9 ||    17
       Skin              |       |       |    22 |       ||    22
       Ring mail         |       |       |       |    19 ||    19
Dodge: Dodged            |     4 |     6 |    31 |    43 ||    84
Block: Shield            |     8 |     6 |    75 |       ||    89
       Large shield      |       |       |       |   108 ||   108
